 Dungeon Crawl Stone Soup version 0.19.1-1-g22dce08 (webtiles) character file.

390 ponk the Sneak (level 6, -7/42 HPs)
             Began as an Octopode Assassin on Jan 8, 2017.
             Killed from afar by Blork the orc (16 damage)
             ... with a puff of flame
             ... on level 4 of the Dungeon.
             The game lasted 00:10:16 (2109 turns).

ponk the Sneak (Octopode Assassin)                  Turns: 2109, Time: 00:10:16

Health: -7/42      AC:  4    Str: 11 (12) XL:     6   Next: 80%
Magic:  6/6        EV: 13    Int: 12 (14) God:
Gold:   137        SH:  0    Dex: 12 (13) Spells: 0 memorised, 5 levels left

rFire  x . .     SeeInvis .     l - -3 dagger (curse)
rCold  + . .     Gourm    .     (no shield)
rNeg   . . .     Faith    .     (helmet restricted)
rPois  .         Spirit   .     (no amulet)
rElec  .         Reflect  .     i - ring of ice
rCorr  .         Harm     .     (no ring)
MR     .....     Rnd*Tele +     e - ring of flight
Stlth  ++++......               (no ring)
                                (no ring)
                                (no ring)
                                (no ring)
                                (no ring)

@: drained
A: almost no armour, stealthy swim, amphibious, 8 rings, constrict 8, slimy
green scales 2, camouflage 1, screaming 2, teleportitis 1, gelatinous body 1
a: Evoke Flight


You were on level 4 of the Dungeon.
You were hungry.

You visited 1 branch of the dungeon, and saw 4 of its levels.

You collected 137 gold pieces.

Inventory:

Hand Weapons
 a - a +2 dagger
 b - a +0 blowgun
 l - a cursed -3 dagger (weapon)
 q - a +1 spear of freezing
Missiles
 c - 8 poisoned needles
 d - 2 curare-tipped needles
Jewellery
 e - a ring of flight (on tentacle)
 i - a ring of ice (left tentacle)
Scrolls
 h - a scroll of recharging {unknown}
 n - a scroll of noise {unknown}
Potions
 k - a potion of might
 m - a potion of brilliance
 p - a potion of haste
Books
 j - a book of Misfortune

   Spells                             Type                      Level
   a - Confusing Touch                Hexes                        1
   b - Confuse                        Hexes                        3
   c - Gell's Gravitas                Hexes/Translocation          3
   d - Petrify                        Transmutation/Earth          4
   e - Metabolic Englaciation         Hexes/Ice                    5
   f - Yara's Violent Unravelling     Hexes/Transmutation          5
Comestibles
 f - 2 bread rations
 g - a meat ration


   Skills:
 + Level 3.4(3.1) Fighting
 + Level 3.9(3.6) Short Blades
 - Level 2.9(2.6) Throwing
 + Level 2.6(2.3) Dodging
 * Level 7.5(7.2) Stealth


You had 5 spell levels left.
You didn't know any spells.

Dungeon Overview and Level Annotations

Branches:
Dungeon (4/15)
 Temple: D:4-7

Altars:
Xom

Annotations:
D:4 Blork the orc


Innate Abilities, Weirdness & Mutations

You cannot wear most types of armour.
You are very stealthy in the water. (Stealth+)
You are amphibious.
You can wear up to eight rings at the same time.
You can use your tentacles to constrict eight enemies at once.
Your skin changes colour to match your surroundings (Stealth+).
Your rubbery body absorbs attacks. (AC +1, EV +1)
You are mostly covered in slimy green scales. (AC +3)
You sometimes yell uncontrollably at your foes.
You are occasionally teleported next to monsters.


Message History

You feel drained. The howler monkey hits you.
An ooze comes into view.
You hit the worm.
The worm is severely wounded.
You constrict the worm.
Blork the orc casts a spell.
Blork the orc flickers and vanishes!
Deactivating autopickup; reactivate with Ctrl-A.
The worm bites you. The orc closely misses you.
The howler monkey hoots and howls with incredible vigour!
You hear a shout! x2; You hear an angry hiss. x2; You hear a shout!
You release your grip on the worm.
A puff of flame appears from out of thin air!
The puff of flame hits you! The fire burns you terribly!
* * * LOW HITPOINT WARNING * * *
The howler monkey misses you.
The orc priest begins to cast a cantrip, but forgets the words!
A puff of flame appears from out of thin air!
The puff of flame hits you! The fire burns you terribly!
You die...

........###.....###.......
........#.......# #.......
........#....##+###...#...
..........................
..........................
..........................
....................
...............###..
.........@.....## .
###.....h........
......oow........
#.......o...J.....
#................
................
................
................
................


You could see a worm, a howler monkey, an orc priest, an orc wizard, an ooze and
an orc.

Vanquished Creatures
  Sigmund (D:2)
  The ghost of Hypnagogic the Conjurer, an amateur DECj (D:3)
  An orc priest (D:3)
  7 adders
  2 worms (D:2)
  2 dart slugs
  A leopard gecko (D:1)
  5 orcs (D:3)
  4 ball pythons
  11 bats
  3 giant cockroaches
  11 goblins
  A hobgoblin (D:3)
  4 jackals (D:3)
  4 kobolds
  3 quokkas
  5 frilled lizards
  5 rats
71 creatures vanquished.

Notes
Turn   | Place    | Note
-------+----------+-------------------------------------------
     0 | D:1      | ponk the Octopode Assassin began the quest for the Orb.
     0 | D:1      | Reached XP level 1. HP: 14/14 MP: 1/1
   113 | D:1      | Reached XP level 2. HP: 11/19 MP: 2/2
   397 | D:1      | Reached skill level 6 in Stealth
   572 | D:1      | You fall through a shaft!
   572 | D:2      | Found a shimmering altar of Xom.
   596 | D:2      | Reached XP level 3. HP: 23/24 MP: 3/3
   673 | D:2      | HP: 1/25 [giant cockroach (1)]
   684 | D:2      | HP: 1/25 [bat (1)]
  1077 | D:2      | Reached XP level 4. HP: 30/30 MP: 4/4
  1097 | D:2      | Noticed Sigmund
  1107 | D:2      | Killed Sigmund
  1107 | D:2      | Reached XP level 5. HP: 27/36 MP: 5/5
  1121 | D:2      | Gained mutation: You are partially covered in slimy green scales. (AC +2) [potion of mutation]
  1121 | D:2      | Gained mutation: You are occasionally teleported next to monsters. [potion of mutation]
  1122 | D:2      | Gained mutation: You occasionally shout uncontrollably at your foes. [potion of mutation]
  1122 | D:2      | Gained mutation: You are mostly covered in slimy green scales. (AC +3) [potion of mutation]
  1122 | D:2      | Gained mutation: You sometimes yell uncontrollably at your foes. [potion of mutation]
  1231 | D:2      | Reached XP level 6. HP: 42/42 MP: 6/6
  1598 | D:3      | Reached skill level 7 in Stealth
  1633 | D:3      | Noticed Hypnagogic's ghost (amateur DECj)
  1639 | D:3      | Killed Hypnagogic's ghost
  2101 | D:4      | Noticed Blork the orc
  2109 | D:4      | Killed from afar by Blork the orc

Skill      XL: |  1  2  3  4  5  6 |
---------------+-------------------+-----
Stealth        | 6 7 |  7.5
Fighting       | 3 |  3.4
Short Blades   | 3 |  3.9
Dodging        | 2 |  2.6
Throwing       | |  2.9

Action                   |  1- 3 |  4- 6 || total
-------------------------+-------+-------++-------
Melee: Dagger            |    55 |   129 ||   184
       Tentacles         |    10 |    14 ||    24
       Constrict         |    13 |    25 ||    38
  Use: Scroll            |     1 |     5 ||     6
       Potion            |       |     3 ||     3
 Stab: Sleeping          |     9 |     7 ||    16
       Distracted        |       |     1 ||     1
  Eat: Chunk             |       |     3 ||     3
Armor: Skin              |     4 |    21 ||    25
Dodge: Dodged            |    28 |    88 ||   116
